 Dungeon Crawl Stone Soup version 0.31-a0-4-gefa6de2278 (webtiles) character file.

Game seed: 9504687496141952276

154782 jasper the Fighter (level 17, -18/152 HPs)
             Began as a Red Draconian Conjurer on May 4, 2023.
             Was the Champion of Vehumet.
             Demolished by a naga
             ... wielding a +0 broad axe
              (19 damage)
             ... on level 4 of the Snake Pit.
             The game lasted 01:02:21 (32143 turns).

jasper the Fighter (Red Draconian Conjurer)        Turns: 32143, Time: 01:02:21

Health: -18/152    AC: 18    Str: 10    XL:     17   Next: 7%
Magic:  9/42       EV: 13    Int: 30    God:    Vehumet [******]
Gold:   69         SH:  8    Dex: 12    Spells: 5/40 levels left

rFire   + . .        N - staff of conjuration
rCold   . . .        q - +3 warlock's mirror {omnireflect}
rNeg    . . .        (body armour unavailable)
rPois   +            Z - +0 mask of the Dragon {Will+ Slay+3 SInv}
rElec   .            f - +2 cloak
rCorr   .            k - +2 pair of gloves {hurl}
SInv    +            Y - +2 pair of boots
Will    ++...        X - amulet of magic regeneration
Stlth   ++           O - ring "Zuusoapt" {rPois MP+9}
HPRegen 0.45/turn    R - +6 ring of intelligence
MPRegen 0.68/turn

%: reflection
@: constricted
A: breathe fire, AC +9, unfitting armour, fire resistance 1, cold-blooded
a: Breathe Fire, Renounce Religion


You were on level 4 of the Snake Pit.
You worshipped Vehumet.
Vehumet was exalted by your worship.
You visited 5 branches of the dungeon, and saw 27 of its levels.
You visited 2 bazaars.
You also visited: Ossuary.

You collected 2861 gold pieces.
You spent 2792 gold pieces at shops.

Inventory:

Missiles
 d - 2 atropa-tipped darts
 e - 15 curare-tipped darts
 n - 11 javelins
 t - 2 throwing nets
Armour
 f - a +2 cloak (worn)
 k - a +2 pair of gloves of hurling (worn)
 q - the +3 warlock's mirror (worn) {omnireflect}
   (You bought it in a shop in a bazaar)

   Omnireflect: It can block and reflect piercing ranged attacks and magical
   attacks against the wielder's willpower.
 Y - a +2 pair of boots (worn)
 Z - the +0 mask of the Dragon (worn) {Will+ Slay+3 SInv}
   (You found it on level 15 of the Dungeon)

   Slay:      It affects your accuracy & damage with ranged weapons and melee
   (+3).
   SInv:      It lets you see invisible.
   Will:      It increases your willpower.
Magical Staves
 N - a staff of conjuration (weapon)
Jewellery
 a - a ring of protection from fire
 b - a ring of protection from cold
 g - a ring of protection from fire
 h - a ring of wizardry
 D - a ring of resist corrosion
 O - the ring "Zuusoapt" (left hand) {rPois MP+9}
   (You bought it in a shop on level 5 of the Dungeon)

   [ring of magical power]

   rPois:     It protects you from poison.
   MP:        It affects your magic capacity (+9).
 R - a +6 ring of intelligence (right hand)
 X - an amulet of magic regeneration (around neck)
Wands
 v - a wand of digging (19)
 x - a wand of flame (97)
 y - a wand of polymorph (10)
 z - a wand of mindburst (3)
 Q - a wand of iceblast (13)
 S - a wand of paralysis (21)
Scrolls
 c - a scroll of fear
 i - 18 scrolls of identify
 r - a scroll of silence
 u - 10 scrolls of teleportation
 E - a scroll of enchant armour
 G - 3 scrolls of immolation
 H - 4 scrolls of enchant weapon
 I - a scroll of fog
 J - 4 scrolls of magic mapping
Potions
 j - 7 potions of curing
 l - 6 potions of brilliance
 m - 10 potions of might
 o - a potion of degeneration
 s - 5 potions of resistance
 w - 4 potions of mutation
 A - 4 potions of berserk rage
 B - 5 potions of attraction
 C - 3 potions of haste
 F - 3 potions of magic
 K - 2 potions of lignification
 U - a potion of flight
 V - 3 potions of invisibility
 W - a potion of cancellation
Miscellaneous
 T - a tin of tremorstones (1/2)


   Skills:
 - Level 14.2 Fighting
 - Level 12.0 Staves
 - Level 2.0 Throwing
 - Level 12.2 Dodging
 - Level 1.7 Stealth
 - Level 4.0 Shields
 + Level 12.3 Spellcasting
 - Level 12.6 Conjurations
 - Level 4.1 Hexes
 - Level 6.0 Translocations
 - Level 13.0 Fire Magic
 - Level 6.0 Evocations


You had 5 spell levels left.
You knew the following spells:

 Your Spells              Type           Power      Damage    Failure   Level
a - Magic Dart            Conj           100%       1d8       0%          1
b - Searing Ray           Conj           100%       2d8       1%          2
c - Fulminant Prism       Conj/Hex       40%        3d19      1%          4
d - Iskenderun's Mystic   Conj/Tloc      84%        2d17      1%          4
e - Mephitic Cloud        Conj/Pois/Air  60%        N/A       1%          3
f - Fireball              Conj/Fire      48%        3d19      1%          5
g - Starburst             Conj/Fire      48%        6d13      1%          6
h - Conjure Ball Lightni  Conj/Air       35%        3x3d11    12%         6
i - Apportation           Tloc           100%       N/A       1%          1
j - Stone Arrow           Conj/Erth      100%       3d13      1%          3

Your spell library contained the following spells:

 Spells                   Type           Power      Damage    Failure   Level
 Freezing Cloud           Conj/Ice/Air   30%        6-21      5%          5
 Kiss of Death            Conj/Necr      100%       2d13      1%          1
 Sandblast                Erth           36%        2d10      1%          1
 Lesser Beckoning         Tloc           100%       N/A       1%          2
 Dazzling Flash           Conj/Hex       100%       N/A       1%          3
 Ignite Poison            Fire/Tmut/Pois 44%        N/A       1%          3
 Portal Projectile        Hex/Tloc       96%        N/A       1%          3
 Teleport Other           Tloc           53%        N/A       1%          3
 Volatile Blastmotes      Fire/Tloc      100%       2d18      1%          3
 Sticky Flame             Conj/Fire      97%        2d11      1%          4
 Confusing Touch          Hex            43%        N/A       2%          3
 Tukima's Dance           Hex            43%        N/A       2%          3
 Frozen Ramparts          Ice            36%        1d6       3%          3
 Passage of Golubria      Tloc           53%        N/A       3%          4
 Passwall                 Tmut/Erth      15%        N/A       6%          2
 Yara's Violent Unravell  Hex/Tmut       15%        3d8       13%         5
 Summon Forest            Summ/Tloc      18%        N/A       32%         5
 Animate Dead             Necr           18%        N/A       36%         4
 Dispel Undead            Necr           18%        3d11      36%         4
 Ice Form                 Ice/Tmut       18%        N/A       36%         4
 Summon Ice Beast         Ice/Summ       18%        N/A       36%         4
 Summon Mana Viper        Hex/Summ       30%        N/A       43%         5
 Blade Hands              Tmut           9%         N/A       73%         5
 Ignition                 Fire           38%        3d11      30%         8
 Eringya's Noxious Bog    Tmut/Pois      9%         N/A       80%         6
 Simulacrum               Ice/Necr       9%         N/A       99%         6
 Summon Cactus Giant      Summ           9%         N/A       99%         6
 Ozocubu's Refrigeration  Ice            9%         4d9       99%         7
 Haunt                    Necr/Summ      9%         N/A       100%        7
 Malign Gateway           Summ/Tloc      18%        N/A       100%        7
 Summon Hydra             Summ           9%         N/A       100%        7
 Infestation              Necr           9%         N/A       100%        8
 Polar Vortex             Ice            9%         N/A       100%        9


Dungeon Overview and Level Annotations

Branches:
Dungeon (15/15)            Temple (1/1) D:7            Lair (5/5) D:8
 Shoals (0/4) Lair:3        Snake (4/4) Lair:3        Slime (0/5) Lair:4
    Orc (2/2) D:11            Elf (0/3) Orc:2        Vaults (0/5) D:13
 Depths (0/4) D:15        Ossuary (visited)

Altars:
Ashenzari
Cheibriados
Dithmenos
Elyvilon
Fedhas
Gozag
Hepliaklqana
Kikubaaqudgha
Makhleb
Nemelex Xobeh
Okawaru
Qazlal
Ru
Sif Muna
Trog
Uskayaw
Vehumet
Wu Jian
Xom
Yredelemnul
Zin
The Shining One
Jiyva
Lugonu

Shops:
D:2 !   D:3 (   D:5 (=   Orc:1 *   Orc:2 !!=:

Portals:
Abyss: Lair:5
Trove: D:13 (give +4 ice dragon scales)

Annotations:
D:14 2 transporters, Qesae's ghost, journeyman FeSu
Snake:1 Roxanne


Innate Abilities, Weirdness & Mutations

You can breathe blasts of fire.
Your fiery red scales are hard. (AC +9)
You cannot fit into any form of body armour.
Your flesh is heat resistant. (rF+)
You are cold-blooded and may be slowed by cold attacks.


Message History

Your +3 warlock's mirror {omnireflect} blocks the splash of poison... and reflects it back!
The splash of poison hits the naga.
A naga comes into view. It is wielding a +0 halberd.
A naga warrior comes into view. It is wielding a +0 glaive.
The naga sharpshooter shoots an arrow.
The arrow barely misses you.
The naga sharpshooter casts a spell.
The naga sharpshooter magically shoots a bolt.
The bolt hits you!
* * * LOW HITPOINT WARNING * * *
The guardian serpent casts a spell at you.
The naga sharpshooter blinks!
The black mamba blinks!
The salamander blinks into view!
The naga warrior blinks!
The shock serpent blinks!
You take 14 damage, and have 25/152 hp.
You regained 2 mp, and now have 8/42 mp.
You feel sick. You block the black mamba's attack.
The naga warrior roars a battlecry!
The nagas go into a battle-frenzy!
The shock serpent bites you.
* * * LOW HITPOINT WARNING * * *
The shock serpent shocks you!
* * * LOW HITPOINT WARNING * * *
The naga sharpshooter shoots an arrow.
The arrow hits you but does no damage. The naga barely misses you.
The naga grabs you.
You stop ascending the stairs.
The naga constricts you. The naga mage hits you with a +0 spear!
* * * LOW HITPOINT WARNING * * *
The guardian serpent casts a spell at you.
You take 24 damage, and have 1/152 hp.
You feel much better.
You feel sick.
You are no longer poisoned.
You block the black mamba's attack.
The shock serpent bites you but does no damage.
The naga warrior roars a battlecry!
The nagas go into a battle-frenzy!
You block the black mamba's attack.
The naga sharpshooter shoots an arrow.
The arrow hits you!!
* * * LOW HITPOINT WARNING * * *
A shock serpent comes into view.
The naga hits you with a +0 broad axe!!
You die...

..............
.............
............ ##
.)§....†...#..#
#S...........+
#...........+
..#.).NNN.....+
..)).NS@N.....#
.....SNSN....##
.......).N####
S...(..)...#
.............
..............
...........NNN.
..........<....


You could see 2 naga warriors, 2 naga sharpshooters, a salamander (strong), 3
shock serpents, a guardian serpent, a black mamba, a naga mage (strong) and 5
nagas.

Vanquished Creatures
  Jorgrun (Orc:2)
  A nagaraja (Snake:2)
  Aizul (Snake:1)
  A dire elephant (D:15)
  9 hydras
  8 vault guards (D:13)
  A salamander tyrant (Snake:2)
  5 boulder beetles
  2 ogre magi (Orc:2)
  7 naga warriors
  13 anacondas
  4 centaur warriors
  14 two-headed ogres
  Erica (D:9)
  A death knight (D:15)
  7 death yaks
  2 tengu warriors (D:13)
  3 thrashing horrors (Lair:5)
  4 naga sharpshooters
  4 shock serpents
  3 salamander mystics
  3 skysharks
  13 sea snakes
  9 skeletal warriors
  2 deep trolls (Orc:2)
  A glowing orange brain (D:14)
  A glowing orange brain (shapeshifter) (D:13)
  A harpy (shapeshifter) (Lair:5)
  A deep elf pyromancer (D:12)
  Pikel (D:5)
  An orc knight (D:15)
  2 mana vipers (Snake:2)
  3 orc sorcerers
  2 wolf spiders (Lair:4)
  18 ugly things
  3 manticores
  8 cyclopes
  15 elephants
  7 salamanders
  Maurice (D:9)
  2 gargoyles
  2 merfolk sirens (Lair:3)
  4 demonic crawlers (D:14)
  3 smoke demons (Lair:5)
  13 naga magi
  21 black mambas
  7 cane toads
  An unseen horror (D:12)
  A torpor snail (Lair:4)
  4 yaktaurs (D:15)
  9 komodo dragons
  2 rime drakes
  2 efreet (D:14)
  14 trolls
  5 polar bears
  An ancient zyme (Lair:5)
  A hornet (D:8)
  29 blink frogs
  5 dream sheep (Lair:3)
  6 slime creatures
  Sigmund (D:4)
  A spriggan (Lair:5)
  2 shadows
  A vampire (D:9)
  3 wyverns
  10 basilisks
  54 yaks
  16 vampire mosquitoes
  Eustachio (D:5)
  Grum (Lair:3)
  3 chaos spawn (Lair:5)
  A steam dragon (D:7)
  2 acid dragons
  3 wargs
  3 large abominations (Lair:5)
  Edmund (D:5)
  25 nagas
  12 water moccasins
  Duvessa (D:5)
  A floating eye (shapeshifter) (D:14)
  A floating eye (D:14)
  A meliai simulacrum (D:15)
  12 orc warriors
  An ice beast (D:5)
  11 small abominations
  23 ogres
  2 sky beasts
  18 wolves
  A phantom (D:3)
  3 centaurs
  2 lemures (D:5)
  Blork the orc (D:5)
  5 kobold brigands (D:9)
  7 bullfrogs
  9 scorpions (Ossuary)
  7 wights
  Dowan (D:5)
  10 electric eels
  3 centaur zombies (Ossuary)
  4 human zombies (Ossuary)
  9 orc priests
  A gnoll bouda (D:7)
  2 iguanas
  Jessica (D:2)
  7 scorpion zombies (Ossuary)
  17 orc wizards
  Natasha (thrice) (D:3)
  3 mummies (Ossuary)
  12 gnolls
  4 adders
  A shadow imp (D:7)
  2 white imps (D:6)
  3 ufetubi (D:5)
  3 dart slugs
  60 orcs
  2 endoplasms
  3 giant cockroaches
  4 goblins (D:1)
  4 hobgoblins
  34 kobolds
  3 quokkas
  6 ball pythons
  5 bats
  2 frilled lizards
  2 gnoll zombies (Ossuary)
  2 goblin zombies (Ossuary)
  2 hobgoblin zombies (Ossuary)
  A kobold zombie (Ossuary)
  3 orc zombies (Ossuary)
  3 rats
784 creatures vanquished.

Vanquished Creatures (others)
  20 ball lightnings
  A bush (D:14)
  109 fulminant prisms
  23 fungi
  28 plants
181 creatures vanquished.

Grand Total: 965 creatures vanquished

Notes
Turn   | Place    | Note
-------+----------+-------------------------------------------
     0 | D:1      | jasper the Draconian Conjurer began the quest for the Orb.
     0 | D:1      | Reached XP level 1. HP: 14/14 MP: 3/3
   379 | D:1      | Reached XP level 2. HP: 20/20 MP: 3/5
   732 | D:1      | Found a faded altar of an unknown god.
  1348 | D:2      | Learned a level 2 spell: Searing Ray
  1425 | D:2      | Reached skill level 5 in Conjurations
  1522 | D:2      | Found Coyshi's Distillery.
  1530 | D:2      | Bought a potion of curing for 42 gold pieces
  1638 | D:2      | Reached XP level 3. HP: 26/26 MP: 3/6
  1768 | D:2      | Noticed Jessica
  1771 | D:2      | Killed Jessica
  2261 | D:3      | Found Foar's Antique Weapon Emporium.
  2289 | D:3      | Reached skill level 1 in Throwing
  2289 | D:3      | Reached XP level 4. HP: 25/33 MP: 4/7
  2307 | D:3      | Learned a level 4 spell: Fulminant Prism
  2389 | D:3      | Reached XP level 5. HP: 38/38 MP: 2/8
  2502 | D:3      | Noticed Natasha
  2503 | D:3      | Noticed a phantom
  2505 | D:3      | Killed Natasha
  2506 | D:3      | Reached skill level 1 in Hexes
  2518 | D:3      | Killed a phantom
  2523 | D:3      | Noticed Natasha
  2533 | D:3      | Killed Natasha
  2534 | D:3      | Reached XP level 6. HP: 33/45 MP: 1/9
  2605 | D:3      | Noticed Natasha
  2609 | D:3      | Killed Natasha
  3168 | D:4      | Found a hazy altar of Hepliaklqana.
  3377 | D:4      | Found a bloodstained altar of Trog.
  3831 | D:4      | Noticed Sigmund
  3841 | D:4      | Killed Sigmund
  3842 | D:4      | Your scales start taking on a fiery red colour.
  3842 | D:4      | Reached XP level 7. HP: 42/50 MP: 1/10
  3842 | D:4      | Gained mutation: Your flesh is heat resistant. (rF+) [Red
                  | Draconian growth]
  3998 | D:5      | Entered Level 5 of the Dungeon
  3998 | D:5      | Noticed Duvessa
  3998 | D:5      | Noticed Dowan
  4095 | D:5      | Noticed Eustachio
  4099 | D:5      | Killed Eustachio
  4125 | D:5      | Found a sand-covered staircase.
  4160 | Ossuary  | Entered an ossuary
  4538 | Ossuary  | Reached XP level 8. HP: 57/57 MP: 9/14
  4544 | Ossuary  | Learned a level 4 spell: Iskenderun's Mystic Blast
  4575 | Ossuary  | Reached skill level 1 in Translocations
  5098 | Ossuary  | Reached skill level 5 in Translocations
  5386 | D:5      | Noticed Edmund
  5410 | D:5      | Killed Edmund
  5411 | D:5      | Reached skill level 1 in Fighting
  5646 | D:5      | Killed Duvessa
  5757 | D:5      | Killed Dowan
  5758 | D:5      | Reached skill level 2 in Fighting
  5926 | D:5      | Reached XP level 9. HP: 67/67 MP: 11/15
  5983 | D:5      | Noticed Pikel
  5991 | D:5      | Killed Pikel
  5992 | D:5      | Reached skill level 3 in Fighting
  6268 | D:5      | Noticed Blork the orc
  6287 | D:5      | Killed Blork the orc
  6446 | D:5      | Found Noq Keek's Weapon Shoppe.
  6458 | D:5      | Found Marourphe's Jewellery Boutique.
  6971 | D:6      | Reached skill level 4 in Fighting
  7006 | D:6      | Found a glowing golden altar of the Shining One.
  7056 | D:6      | Found a burning altar of Makhleb.
  7472 | D:6      | Reached skill level 1 in Staves
  7711 | D:7      | Found a shimmering blue altar of Sif Muna.
  8119 | D:7      | Found a staircase to the Ecumenical Temple.
  8169 | Temple   | Entered the Ecumenical Temple
  8382 | D:5      | Bought the ring "Zuusoapt" {rPois MP+9} for 468 gold pieces
  8454 | D:7      | Found a radiant altar of Vehumet.
  8553 | D:7      | Found a sparkling altar of Nemelex Xobeh.
  8586 | D:7      | Became a worshipper of Vehumet
  8619 | D:7      | Found an opulent altar of Gozag.
  8839 | D:8      | Reached skill level 5 in Staves
  8864 | D:8      | Noticed a death yak
  8899 | D:8      | Killed a death yak
  8900 | D:8      | Reached XP level 10. HP: 56/78 MP: 5/16
  9371 | D:8      | Found a staircase to the Lair.
  9371 | D:8      | Noticed a death yak
  9373 | D:8      | Noticed a death yak
  9390 | D:8      | Killed a death yak
  9532 | D:8      | Killed a death yak
  9569 | D:8      | Reached skill level 10 in Staves
 10260 | D:9      | Noticed Maurice
 10278 | D:9      | Reached * piety under Vehumet
 10278 | D:9      | Offered knowledge of Sandblast by Vehumet.
 10303 | D:9      | Killed Maurice
 10304 | D:9      | Reached XP level 11. HP: 62/84 MP: 17/17
 10635 | D:9      | Noticed Erica
 10646 | D:9      | Killed Erica
 10652 | D:9      | Reached ** piety under Vehumet
 10662 | D:9      | Offered knowledge of Shock by Vehumet.
 10797 | D:9      | Found an ancient bone altar of Kikubaaqudgha.
 10797 | D:9      | Found a snail-covered altar of Cheibriados.
 10797 | D:9      | Found a hide-covered altar of Uskayaw.
 10834 | D:9      | Found a white marble altar of Elyvilon.
 10851 | D:9      | Found a glowing silver altar of Zin.
 10978 | D:10     | Entered Level 10 of the Dungeon
 10983 | D:10     | Noticed a two-headed ogre
 10990 | D:10     | Killed a two-headed ogre
 11109 | D:10     | Reached skill level 1 in Evocations
 11227 | D:10     | Offered knowledge of Hailstorm by Vehumet.
 11880 | D:11     | Reached *** piety under Vehumet
 11881 | D:11     | Reached skill level 5 in Fighting
 12210 | D:11     | Reached skill level 5 in Dodging
 12316 | D:11     | Offered knowledge of Mephitic Cloud by Vehumet.
 12321 | D:11     | Learned a level 3 spell: Mephitic Cloud
 12324 | D:11     | Noticed a boulder beetle
 12382 | D:8      | Paralysed by a wight for 5 turns
 12518 | Lair:1   | Entered Level 1 of the Lair of Beasts
 12544 | Lair:1   | Reached skill level 5 in Evocations
 12638 | Lair:1   | Reached skill level 6 in Fighting
 12901 | Lair:1   | Reached XP level 12. HP: 97/97 MP: 14/18
 13044 | Lair:1   | Learned a level 4 spell: Sticky Flame
 13172 | Lair:1   | Reached skill level 1 in Fire Magic
 13421 | Lair:1   | Reached **** piety under Vehumet
 13769 | Lair:2   | Reached skill level 7 in Fighting
 13775 | Lair:2   | Offered knowledge of Lee's Rapid Deconstruction by Vehumet.
 13941 | Lair:2   | Noticed a boulder beetle
 13951 | Lair:2   | Reached skill level 5 in Fire Magic
 13956 | Lair:2   | Killed a boulder beetle
 14310 | Lair:2   | Reached skill level 8 in Fighting
 14972 | Lair:3   | Reached skill level 9 in Fighting
 15179 | Lair:3   | Noticed Grum
 15185 | Lair:3   | Killed Grum
 15411 | Lair:3   | Reached XP level 13. HP: 103/111 MP: 19/19
 15495 | Lair:3   | Found a staircase to the Snake Pit.
 15555 | Lair:3   | Reached ***** piety under Vehumet
 15556 | Lair:3   | Reached skill level 10 in Fighting
 15604 | Lair:4   | Offered knowledge of Starburst by Vehumet.
 16191 | Lair:4   | Reached skill level 5 in Spellcasting
 16216 | Lair:4   | Learned a level 6 spell: Starburst
 16540 | Lair:4   | Found a viscous altar of Jiyva.
 16540 | Lair:4   | Found a staircase to the Slime Pits.
 17345 | Lair:3   | Found a staircase to the Shoals.
 18216 | D:11     | Found a staircase to the Orcish Mines.
 18259 | Orc:1    | Entered Level 1 of the Orcish Mines
 18428 | Orc:2    | Entered Level 2 of the Orcish Mines
 18428 | Orc:2    | Found a staircase to the Elven Halls.
 18515 | Orc:2    | Reached skill level 10 in Conjurations
 18833 | Orc:2    | Found Qeifien's Jewellery Shoppe.
 18837 | Orc:2    | Noticed Jorgrun
 18839 | Orc:2    | Offered knowledge of Fireball by Vehumet.
 18849 | Orc:2    | Reached XP level 14. HP: 29/122 MP: 3/23
 18850 | Orc:2    | Killed Jorgrun
 18851 | Orc:2    | Reached skill level 10 in Fire Magic
 18874 | Orc:2    | Paralysed by an ogre mage for 2 turns
 19222 | Orc:2    | Found Vytaisi's Distillery.
 19222 | Orc:2    | Found Cumippi's Book Shop.
 19234 | Orc:2    | Found Julitsuq's Distillery.
 19243 | Orc:2    | Bought a potion of haste for 140 gold pieces
 19243 | Orc:2    | Bought a potion of haste for 140 gold pieces
 19243 | Orc:2    | Bought 2 potions of curing for 84 gold pieces
 19243 | Orc:2    | Bought a potion of curing for 42 gold pieces
 19334 | Orc:2    | Bought a potion of curing for 54 gold pieces
 19334 | Orc:2    | Bought a potion of heal wounds for 90 gold pieces
 19334 | Orc:2    | Bought a potion of heal wounds for 90 gold pieces
 19334 | Orc:2    | Bought a potion of resistance for 180 gold pieces
 19334 | Orc:2    | Bought a potion of curing for 54 gold pieces
 19882 | Orc:1    | Found Ishuc's Assorted Antiques.
 19891 | Orc:1    | Bought a pair of boots for 126 gold pieces
 20214 | Lair:5   | Entered Level 5 of the Lair of Beasts
 20420 | Lair:5   | Learned a level 5 spell: Fireball
 20734 | Lair:5   | Found a one-way gate to the infinite horrors of the Abyss.
 20734 | Lair:5   | Found a corrupted altar of Lugonu.
 20740 | Lair:5   | Offered knowledge of Conjure Ball Lightning by Vehumet.
 20813 | Lair:5   | Reached XP level 15. HP: 73/127 MP: 26/27
 21354 | Lair:5   | Identified the ring "Cewkoci" {rPois Str+3 Dex-2 Slay+4}
 21755 | D:12     | Reached skill level 1 in Shields
 22920 | D:13     | Found a gate to the Vaults.
 23055 | D:13     | Found a portal to a secret trove of treasure.
 23424 | D:13     | Reached skill level 11 in Fighting
 24434 | D:14     | Reached skill level 10 in Dodging
 24504 | D:14     | Got the Commentary on Massed Geometry
 24516 | D:14     | Learned a level 6 spell: Conjure Ball Lightning
 24642 | D:14     | Learned a level 1 spell: Apportation
 24963 | D:14     | Found a transporter.
 24965 | D:14     | Noticed Qesae's ghost (journeyman FeSu)
 25092 | D:14     | Found a transporter.
 25108 | D:14     | Offered knowledge of Arcjolt by Vehumet.
 25394 | D:14     | Reached skill level 12 in Fighting
 25878 | D:15     | Entered Level 15 of the Dungeon
 26144 | D:15     | Found the +0 mask of the Dragon {Will+ Slay+3 SInv}
 26201 | D:15     | Reached XP level 16. HP: 107/139 MP: 29/29
 26203 | D:15     | Reached skill level 10 in Spellcasting
 26358 | D:15     | Found a broken altar of Ashenzari.
 26870 | D:15     | Found a staircase to the Depths.
 27401 | Snake:1  | Entered Level 1 of the Snake Pit
 27436 | Snake:1  | Noticed Aizul
 27447 | Snake:1  | Killed Aizul
 28064 | Snake:1  | Identified Roxanne's Meditations on Silt
 28064 | Snake:1  | Noticed Roxanne
 28351 | Snake:1  | Reached skill level 13 in Fighting
 28989 | Snake:2  | Found a flickering gateway to a bazaar.
 29035 | Bazaar   | Entered a bazaar
 29255 | Bazaar   | Found Gaxzyasa's Jewellery Boutique.
 29277 | Bazaar   | Found Ezi Nueg's Antique Armour Emporium.
 29298 | Bazaar   | Found Gicinorphor's Armour Boutique.
 29303 | Bazaar   | Bought a +1 buckler of reflection for 202 gold pieces
 29331 | Bazaar   | Found Qetz's Weapon Shoppe.
 30841 | Snake:2  | Learned a level 3 spell: Stone Arrow
 30844 | Snake:3  | Reached ****** piety under Vehumet
 31203 | Snake:3  | Reached skill level 14 in Fighting
 31312 | Snake:3  | Found a flickering gateway to a bazaar.
 31322 | Bazaar   | Entered a bazaar
 31336 | Bazaar   | Found Cegitsad's Antique Armour Emporium.
 31352 | Bazaar   | Found Sextir's Magic Scroll Emporium.
 31368 | Bazaar   | Found Laxtuuci's Assorted Antiques.
 31384 | Bazaar   | Found Xaul's Magic Scroll Shoppe.
 31461 | Bazaar   | Bought the +3 warlock's mirror {omnireflect} for 1080 gold
                  | pieces
 31461 | Bazaar   | Found the +3 warlock's mirror {omnireflect}
 31599 | Snake:3  | Offered knowledge of Freezing Cloud by Vehumet.
 32128 | Snake:4  | Entered Level 4 of the Snake Pit
 32132 | Snake:4  | Reached XP level 17. HP: 148/148 MP: 27/32
 32142 | Snake:4  | HP: 1/152 [naga mage/+0 spear (7)]
 32143 | Snake:4  | Demolished by a naga

Illustrated notes

Levels and vault maps discovered:
D:1:      dpeg_arrival_shrine, layout_basic, ebering_ecumenical_altar_box,
          chequers_serial_rivers_micro_d
D:2:      layout_loops_ring, serial_shops, shop, grunt_ministairs_6,
          minmay_misc_feat_cross, uniq_jessica
D:3:      layout_basic, serial_shops, shop, uniq_natasha
D:4:      layout_basic, kennysheep_mini_moat, bloody_trog, uniq_sigmund
D:5:      layout_layer_cave, enter_ossuary_3, serial_shops,
          nicolae_shop_tiny_waterfront, shop, corexii_corridor_pit,
          uniq_eustachio, uniq_blork_the_orc, uniq_duvessa, uniq_pikel,
          uniq_edmund
D:6:      layout_basic, mainiacjoe_overflow_boulevard,
          mainiacjoe_overflow_tiny_flanked, minivault_1
D:7:      layout_basic, grunt_temple_overflow_opulence, lemuel_crystal_altar,
          kennysheep_mini, minmay_temple_entry_antechambers
D:8:      layout_gridville, dpeg_lair_monsters, minivault_4
D:9:      layout_big_octagon, mainiacjoe_overflow_alcove_2, elyvilon_altar_5,
          gammafunk_temple_overflow_forgotten, hex_medium, uniq_erica,
          uniq_maurice
D:10:     layout_gridville
D:11:     layout_cave_pools, orc_0_dummy, kennysheep_donut
D:12:     layout_layer_cave, small_chamber_with_monster
D:13:     layout_stronghold, erik_vaults_2, enter_trove_3,
          kennysheep_another_room, item_on_display_a
D:14:     cheibrodos_hippocracy, layout_long_grid,
          gammafunk_ghost_berserking_beasts, serial_park_square3
          [serial_park_minivault_5x5_7]
D:15:     hangedman_depths_entry_try_elsewhere_first, layout_basic,
          ashenzari_conservatory_becter
Temple:   hellmonk_temple_forest_ring
Lair:1:   layout_cave_pods
Lair:2:   layout_big_grid, beast_lair_carwin_4, serial_bayou_shore_a,
          grunt_megastairs_1
Lair:3:   beargit_carnivore_pack, layout_hall_layers, elwin_shoals_entry_rooms,
          minmay_snake_entry_guardpost_medium, serial_bayou_shore_b
Lair:4:   layout_layer_cave, dpeg_slime_entry_enclosed,
          nicolae_lair_run_with_the_wolves, lemuel_fruit_tree
Lair:5:   hellmonk_lair_end_abyssal_woods, layout_regular_city
Snake:1:  layout_basic, serial_curves, eino_curves_04, eino_curves_02,
          eino_curves_01, uniq_aizul, uniq_roxanne
Snake:2:  layout_onion_interference, serial_shops, bzr_in_the_mist,
          nicolae_snake_squiggles
Snake:3:  minmay_snake_river, layout_onion_interference, serial_shops,
          bzr_entry_dummy, nicolae_triple_integral
Snake:4:  grunt_snake_rune_pools, layout_cave_shapes
Orc:1:    layout_caves, serial_shops, nicolae_shop_competitors_out_of_business,
          nicolae_orc_crystal_geode
Orc:2:    st_orc_open, layout_diamond_mine, uniq_jorgrun

Skill      XL: |  1  2  3  4  5  6  7  8  9 10 11 12 13 14 15 16 17 |
---------------+----------------------------------------------------+-----
Conjurations   | 5 6 7 8 10 12 | 12.6
Throwing       | 1 2 |  2.0
Hexes          | 2 3 4 |  4.1
Spellcasting   | 4 6 8 9 11 12 | 12.3
Translocations | 6 |  6.0
Fighting       | 2 4 6 9 10 12 14 | 14.2
Dodging        | 2 3 5 8 9 10 12 | 12.2
Staves         | 6 11 12 | 12.0
Evocations     | 6 |  6.0
Fire Magic     | 6 9 12 13 | 13.0
Shields        | 4 |  4.0
Stealth        | |  1.7

Action                     |  1- 3 |  4- 6 |  7- 9 | 10-12 | 13-15 | 16-18 || total
---------------------------+-------+-------+-------+-------+-------+-------++-------
  Melee: Spear             |     8 |       |       |       |       |       ||     8
         Tailslap          |     3 |     2 |    19 |    61 |    36 |     7 ||   128
         Whip              |     2 |    29 |   128 |       |       |       ||   159
         Staff             |       |       |    23 |   222 |   161 |    22 ||   428
         Punch             |       |       |     2 |     2 |     1 |       ||     5
  Throw: Stone             |    22 |    21 |       |       |       |       ||    43
         Javelin           |       |     4 |     1 |       |       |       ||     5
   Cast: Magic Dart        |    43 |     6 |    24 |    30 |    23 |       ||   126
         Searing Ray       |     8 |    17 |    28 |     6 |     2 |       ||    61
         Fulminant Prism   |       |       |    15 |    72 |    17 |     5 ||   109
         Iskenderun's Myst |       |       |    10 |    75 |    13 |    16 ||   114
         Sticky Flame      |       |       |       |    38 |    34 |       ||    72
         Mephitic Cloud    |       |       |       |     1 |     2 |       ||     3
         Starburst         |       |       |       |       |   191 |    50 ||   241
         Fireball          |       |       |       |       |    78 |   150 ||   228
         Conjure Ball Ligh |       |       |       |       |     2 |     5 ||     7
         Stone Arrow       |       |       |       |       |       |     6 ||     6
Ability: Breathe Fire      |       |       |    30 |    24 |     4 |       ||    58
  Evoke: Wand              |       |       |       |     3 |     3 |       ||     6
         Tin of tremorston |       |       |       |       |     8 |     1 ||     9
    Use: Scroll            |     4 |     5 |       |    17 |     8 |     7 ||    41
         Potion            |     1 |       |       |     3 |    16 |     4 ||    24
 Armour: Skin              |     5 |    17 |    98 |    78 |   122 |    31 ||   351
  Dodge: Dodged            |    17 |    22 |   149 |   230 |   296 |    66 ||   780
  Block: Other             |       |       |       |    72 |    21 |       ||    93
         Reflection        |       |       |       |     9 |       |    11 ||    20
         Buckler           |       |       |       |       |    38 |    40 ||    78

Table legend: (Time is in decaauts)
 A = Elapsed time spent in this place.
 B = Non-inter-level travel time spent in this place.
 C = Inter-level travel time spent in this place.
 D = Time resting spent in this place.
 E = Time spent auto-exploring this place.
 F = Levels seen in this place.
 G = Mean time per level.
                   A        B        C        D        E       F      G
               +--------+--------+--------+--------+--------+-----+--------+
         Total |  32093 |  30203 |   1890 |   3167 |  22631 |  30 | 1069.8 |
       Dungeon |  17406 |  16294 |   1112 |   2085 |  12133 |  15 | 1160.4 |
        Temple |    137 |    131 |      6 |      0 |    121 |   1 |  137.0 |
          Lair |   6791 |   6389 |    402 |    360 |   4928 |   5 | 1358.2 |
     Snake Pit |   4225 |   4056 |    169 |    510 |   3067 |   4 | 1056.2 |
  Orcish Mines |   1777 |   1579 |    198 |     85 |   1246 |   2 |  888.5 |
        Bazaar |    535 |    535 |      0 |      0 |    381 |   2 |  267.5 |
       Ossuary |   1220 |   1220 |      0 |    127 |    755 |   1 | 1220.0 |
               +--------+--------+--------+--------+--------+-----+--------+

Top non-repeatable levels by time:
    D:14: 1814 daAuts
 Snake:2: 1723 daAuts
     D:8: 1693 daAuts
    D:13: 1632 daAuts
     D:5: 1628 daAuts
  Lair:1: 1571 daAuts
 Snake:1: 1537 daAuts
  Lair:4: 1399 daAuts
  Lair:3: 1364 daAuts
  Lair:5: 1355 daAuts
     D:1: 1306 daAuts
 Ossuary: 1220 daAuts
     D:4: 1159 daAuts
  Lair:2: 1099 daAuts
    D:10: 1062 daAuts
